 Dungeon Crawl Stone Soup version 0.28-a0-46-g7b1be97da7 (webtiles) character file.

Game seed: 7108864998819270564

74 dmks the Ducker (level 4, 22/31 HPs)
             Began as a Djinni Fire Elementalist on July 30, 2021.
             Got out of the dungeon alive.
             The game lasted 00:05:36 (2598 turns).

dmks the Ducker (Djinni Fire Elementalist)          Turns: 2598, Time: 00:05:36

Health: 22/31      AC:  9    Str:  7    XL:     4   Next: 54%
Gold:   66         EV:  7    Int: 15    God:
                   SH:  0    Dex: 14

rFire   + . .      SeeInvis +   (no weapon)
rCold   + . .      Faith    .   (no shield)
rNeg    . . .      Spirit   .   h - +0 ice dragon scales
rPois   ∞          Reflect  .   (no helmet)
rElec   .          Harm     .   (no cloak)
rCorr   .          Rampage  .   (no gloves)
Will    .....                   (boots unavailable)
Stlth   +.........              (no amulet)
HPRegen 0.10/turn               (no ring)
MPRegen 0.00/turn               (no ring)

@: flying
A: sickness immunity, fire resistance 2, cold vulnerability 1, float, innate
caster, hp casting, extra vitality 1, see invisible, dopey 1, subdued magic 1
a: no special abilities


You escaped.
You visited 1 branch of the dungeon, and saw 2 of its levels.

You collected 66 gold pieces.

Inventory:

Armour
 a - a +0 robe
 h - +0 ice dragon scales (worn)
   (You found it on level 2 of the Dungeon)
Scrolls
 b - a scroll of acquirement {unknown}
 d - 3 scrolls of magic mapping {unknown}
 e - a scroll of teleportation {unknown}
 f - a scroll of identify {unknown}
Potions
 c - a potion of cancellation {unknown}
 i - a potion of resistance {unknown}


   Skills:
 + Level 3.3 Dodging
 + Level 2.6 Stealth
 + Level 3.0 Spellcasting


You couldn't memorise any spells.
You knew the following spells:

 Your Spells              Type           Power      Damage    Failure   Level
a - Foxfire               Conj/Fire      32%        2x1d5     75%         1
b - Inner Flame           Hex/Fire       8%         N/A       98%         3
c - Freeze                Ice            32%        1d5       75%         1
d - Conjure Flame         Conj/Fire      8%         6-21      98%         3
q - Sticky Flame          Conj/Fire      8%         2d3       100%        4
x - Fireball              Conj/Fire      4%         3d4       100%        5
Your spell library was empty.


Dungeon Overview and Level Annotations

Branches:
Dungeon (2/15)

Altars:

Shops:
D:1 ?:?=


Innate Abilities, Weirdness & Mutations

You are immune to sickness and miasma.
You are immune to poison.
Your flesh is very heat resistant. (rF++)
You are vulnerable to cold. (rC-)
You float through the air rather than walking.
You learn spells naturally, not from books.
Your magical power is your life essence.
You have superior vitality. (+4 HP)
You have supernaturally acute eyesight. (SInv)
You are dopey. (Int -2)
Your spells are a little easier to cast, but a little less powerful.


Message History

You hit the adder but do no damage. The adder bites you.
You hit the adder but do no damage. The adder bites you but does no damage.
You closely miss the adder. The adder bites you but does no damage.
You miss the adder. The adder bites you.
The adder bites you but does no damage.
Your ice dragon scales prevents you from hitting the adder.
The adder bites you but does no damage.
(D) Dungeon
Where to? (Enter - D:2, ? - help)
Okay, then.
Unknown command.
The adder bites you but does no damage. The adder bites you.
There is an escape hatch in the ceiling here.
Really go through this one-way escape hatch?
The adder bites you but does no damage. A mysterious force pulls you upwards.
The hatch slams shut behind you.
Okay, then.
You closely miss the adder.
The adder bites you but does no damage. x2
You miss the adder. The adder bites you but does no damage.
You miss the adder. The adder bites you but does no damage.
You hit the adder but do no damage.
The adder bites you but does no damage. x2
You barely miss the adder. The adder bites you but does no damage.
You hit the adder. The adder bites you but does no damage.
You hit the adder but do no damage. The adder bites you but does no damage.
The adder closely misses you.
Your ice dragon scales prevents you from hitting the adder.
The adder bites you but does no damage.
You hit the adder. The adder bites you.
You hit the adder. The adder closely misses you.
You hit the adder.
The adder bites you but does no damage. x2
You hit the adder but do no damage. The adder bites you but does no damage.
You barely miss the adder. The adder barely misses you.
You closely miss the adder. The adder bites you. The adder barely misses you.
You closely miss the adder. The adder bites you but does no damage.
You barely miss the adder. The adder bites you.
You hit the adder.
The adder bites you but does no damage. x2
You completely miss the adder. The adder bites you but does no damage.
You hit the adder. The adder bites you but does no damage.
You closely miss the adder. The adder bites you.
You hit the adder but do no damage.
The adder bites you but does no damage. x2
You closely miss the adder. The adder bites you.
You closely miss the adder. The adder barely misses you.
You hit the adder.
You kill the adder!
Your magical contamination has completely faded away.
Your Spellcasting skill increases to level 3!
You see here a +0 hand axe.
There is a staircase leading out of the dungeon here.
Are you sure you want to leave the Dungeon?
This will make you lose the game!
You have escaped!

#...# #.# ###.#.###.#
#)..#..##.########
#.#...........(...
###.####............
##≈#.#≈###.#.########
##≈P≈≈≈.≈##.#.#.....##
#≈P8P≈.8.≈#.#.#.###.##
##≈P.@..≈##...#...#.##
##≈P...♣≈##...###)#.##
#≈P8P.♣8♣≈#...# #.#.##
##≈P...♣≈##...# #.#.##
##≈#.#≈####..###.#.##
###.###.......#.#.##
##.# #.###>#.#.#.##
#..# #.#.....#.#.##
####.####.........#.##


There were no monsters in sight!

Vanquished Creatures
  3 adders
  4 ball pythons (D:1)
  2 endoplasms (D:1)
  2 giant cockroaches (D:1)
  5 goblins
  2 hobgoblins (D:1)
  8 jackals (D:1)
  A kobold (D:1)
  3 quokkas (D:1)
  7 bats
  2 frilled lizards
  4 rats
43 creatures vanquished.

Vanquished Creatures (collateral kills)
  3 foxfires (D:1)
3 creatures vanquished.

Vanquished Creatures (others)
  115 foxfires
  4 toadstools (D:1)
119 creatures vanquished.

Grand Total: 165 creatures vanquished

Notes
Turn   | Place    | Note
-------+----------+-------------------------------------------
     0 | D:1      | dmks the Djinni Fire Elementalist began the quest for the
                  | Orb.
     0 | D:1      | Reached XP level 1. HP: 15/15 MP: 0/0
   327 | D:1      | Found Jedwiox's Book Emporium.
   348 | D:1      | Reached XP level 2. HP: 17/21 MP: 0/0
   493 | D:1      | Found Zotroh's Magic Scroll Boutique.
  1008 | D:1      | Found Xetumo's Magic Scroll Boutique.
  1137 | D:1      | Reached XP level 3. HP: 24/25 MP: 0/0
  1137 | D:1      | Learned a level 1 spell: Freeze
  1274 | D:1      | Found Caepn's Jewellery Boutique.
  1976 | D:2      | Reached XP level 4. HP: 25/31 MP: 0/0
  2508 | D:2      | Gained mutation: You are weak. (Str -2) [potion of
                  | mutation]
  2508 | D:2      | Gained mutation: You are dopey. (Int -2) [potion of
                  | mutation]
  2508 | D:2      | Gained mutation: You are very weak. (Str -4) [potion of
                  | mutation]
  2508 | D:2      | Gained mutation: Your spells are a little harder to cast,
                  | but a little more powerful. [potion of mutation]
  2509 | D:2      | Lost mutation: Your spells are a little harder to cast, but
                  | a little more powerful. [potion of mutation]
  2509 | D:2      | Lost mutation: You are very weak. (Str -4) [potion of
                  | mutation]
  2509 | D:2      | Lost mutation: You are weak. (Str -2) [potion of mutation]
  2509 | D:2      | Gained mutation: Your spells are a little easier to cast,
                  | but a little less powerful. [potion of mutation]
  2509 | D:2      | Gained mutation: You have supernaturally acute eyesight.
                  | (SInv) [potion of mutation]
  2598 | D:$      | Got out of the dungeon alive.

Illustrated notes

Levels and vault maps discovered:
D:1:      ldierk_walled_garden_2, layout_basic, serial_shops, shop_statue,
          shop_statue, nicolae_shop_statue_plus, shop
D:2:      layout_rooms, serial_aquarium, aquarium_bridge_square
          [aquarium_subvault_bridge, aquarium_subvault_bridge,
          aquarium_subvault_wall, aquarium_subvault_wall],
          aquarium_bridge_long_joined [aquarium_subvault_window,
          aquarium_subvault_balcony, aquarium_subvault_bridge,
          aquarium_subvault_wall, aquarium_subvault_bridge,
          aquarium_subvault_balcony], aquarium_window_corner,
          aquarium_window_corner, aquarium_window_corridor_2, aquarium_window_1,
          aquarium_view_2d

Skill      XL: |  1  2  3  4 |
---------------+-------------+-----
Stealth        | 2 |  2.6
Dodging        | 3 |  3.3
Spellcasting   | 3 |  3.0

Action                   |  1- 3 |  4- 6 || total
-------------------------+-------+-------++-------
Melee: Unarmed           |       |    30 ||    30
 Cast: Foxfire           |    65 |    12 ||    77
       Freeze            |    11 |     5 ||    16
  Use: Potion            |       |     2 ||     2
Armor: Robe              |     7 |     2 ||     9
       Ice dragon scales |       |    35 ||    35
Dodge: Dodged            |    27 |    14 ||    41

Table legend: (Time is in decaauts)
 A = Elapsed time spent in this place.
 B = Non-inter-level travel time spent in this place.
 C = Inter-level travel time spent in this place.
 D = Time resting spent in this place.
 E = Time spent auto-exploring this place.
 F = Levels seen in this place.
 G = Mean time per level.
                   A        B        C        D        E       F      G
               +--------+--------+--------+--------+--------+-----+--------+
         Total |   2598 |   2576 |     22 |    336 |   1868 |   2 | 1299.0 |
       Dungeon |   2598 |   2576 |     22 |    336 |   1868 |   2 | 1299.0 |
               +--------+--------+--------+--------+--------+-----+--------+

Top non-repeatable levels by time:
     D:1: 1969 daAuts
     D:2: 628 daAuts
